 Dungeon Crawl Stone Soup version 0.29-a0-451-gfbfa424 (webtiles) character file.

Game seed: 12662190306934964358

114 Toastz the Insei (level 4, 0/34 HPs)
             Began as a Merfolk Transmuter on May 19, 2022.
             Was an Initiate of Okawaru.
             Slain by a black bear (2 damage)
             ... on level 3 of the Dungeon.
             The game lasted 00:08:17 (3246 turns).

Toastz the Insei (Merfolk Transmuter)               Turns: 3246, Time: 00:08:17

Health: 0/34       AC:  2    Str: 12    XL:     4   Next: 98%
Magic:  6/7        EV: 12    Int: 12    God:    Okawaru [......]
Gold:   148        SH:  0    Dex: 14    Spells: 4/7 levels left

rFire   . . .      SeeInvis .     - Unarmed
rCold   . . .      Faith    .   (no shield)
rNeg    . . .      Spirit   .   a - +0 robe
rPois   .          Reflect  .   (helmet currently unavailable)
rElec   .          Harm     .   (no cloak)
rCorr   .          Rampage  .   (no gloves)
Will    .....                   (boots currently unavailable)
Stlth   +.........              (no amulet)
HPRegen 0.11/turn               (no ring)
MPRegen 0.10/turn               (no ring)

@: appendages (expiring)
A: horns 2, (nimble swimmer 2), mertail
a: End Transformation, Renounce Religion


You were on level 3 of the Dungeon.
You worshipped Okawaru.
Okawaru was noncommittal.
You had temporarily grown beastly horns.
You visited 2 branches of the dungeon, and saw 5 of its levels.

You collected 148 gold pieces.

Inventory:

Missiles
 c - 46 stones (quivered)
Armour
 a - a +0 robe (worn)
 n - a +0 pair of boots (melded)
 r - a +2 helmet (melded)
Scrolls
 d - a scroll of poison {unknown}
 e - a scroll of amnesia {unknown}
 i - a scroll of enchant weapon
 j - a scroll of enchant armour
 l - a scroll of silence
 m - a scroll of noise
 o - a scroll of immolation
 p - a scroll of brand weapon {unknown}
Potions
 b - a potion of lignification
 f - 2 potions of heal wounds {unknown}
 g - a potion of flight {unknown}
 h - a potion of brilliance {unknown}
 k - 4 potions of curing {unknown}
 q - a potion of resistance {unknown}


   Skills:
 + Level 2.8 Fighting
 - Level 2.6 Dodging
 * Level 5.1 Unarmed Combat
 - Level 2.0 Spellcasting
 + Level 3.2 Transmutations


You had 4 spell levels left.
You knew the following spells:

 Your Spells              Type           Power      Damage    Failure   Level
a - Beastly Appendage     Tmut           16%        N/A       8%          1
b - Wereblood             Tmut           8%         N/A       11%         2

Your spell library contained the following spells:

 Spells                   Type           Power      Damage    Failure   Level
 Spider Form              Tmut/Pois      5%         N/A       38%         3
 Ice Form                 Ice/Tmut       5%         N/A       80%         4


Dungeon Overview and Level Annotations

Branches:
Dungeon (4/15)             Temple (1/1) D:4

Altars:
Cheibriados
Dithmenos
Elyvilon
Fedhas
Gozag
Hepliaklqana
Kikubaaqudgha
Makhleb
Nemelex Xobeh
Okawaru
Qazlal
Ru
Sif Muna
Trog
Uskayaw
Vehumet
Wu Jian
Xom
Yredelemnul
Zin
The Shining One


Innate Abilities, Weirdness & Mutations

You have temporarily grown beastly horns.
((You are very nimble when in or above water. (Stealth+, EV+, Speed+++)))
Your lower body shifts to a powerful aquatic tail in water.


Message History

The adder closely misses you.
Casting: Beastly Appendage (safe; 8% risk of failure)
Confirm with . or Enter, or press ? or * to list all spells.
You extend your transformation's duration.
Your transformation is almost over.
The adder barely misses you.
You barely miss the adder. You headbutt the adder.
The adder is lightly wounded.
The adder bites you.
You hit the adder. Your headbutt misses the adder.
The adder is severely wounded.
The adder bites you.
You completely miss the adder.
The adder is severely wounded.
The adder bites you. The adder misses you.
You closely miss the adder. Your headbutt misses the adder.
The adder is severely wounded.
The adder bites you.
The black bear attacks as you move away!
The black bear bites you. The black bear claws you.
The black bear closely misses you. The adder attacks as you move away!
The adder bites you.
You hit the black bear but do no damage.
The black bear barely misses you.
The black bear claws you but does no damage.
The black bear barely misses you.
You hit the black bear. You headbutt the black bear!
The black bear is heavily wounded.
The black bear bites you! The black bear claws you. x2
Okay, then.
The black bear attacks as you move away!
The black bear barely misses you.
The black bear claws you but does no damage. x2
The black bear attacks as you move away!
The black bear bites you!
* * * LOW HITPOINT WARNING * * *
The black bear claws you.
* * * LOW HITPOINT WARNING * * *
The black bear claws you.
You die...

#.........###.##.)..##
#.........#).....##.#
#.>...[#..........†...####.#
#......#..........##### #.#
##.................# #.#
.......#.........## #.#
#................# #.#
#......##.......## #.#
.##......##.####@## #.#
.........##.# #h# #.#
####..#<....# ##S# #.#
#.......h### #..# .# #.#
.b##..##.# #.###.# #.# #
##....# ##.....# #.#
###..#####...#### #.#
#.....#....#.# # ###.####
#.#.....h.##...# .# #.......


You could see a black bear and an adder.

Vanquished Creatures
  An iguana (D:4)
  2 gnolls (D:4)
  2 worms (D:2)
  3 dart slugs
  An orc (D:4)
  4 ball pythons
  A bat (D:2)
  4 endoplasms
  8 giant cockroaches
  7 goblins
  6 hobgoblins
  3 kobolds
  2 quokkas
  4 frilled lizards
  3 rats
51 creatures vanquished.

Notes
Turn   | Place    | Note
-------+----------+-------------------------------------------
     0 | D:1      | Toastz the Merfolk Transmuter began the quest for the Orb.
     0 | D:1      | Reached XP level 1. HP: 15/15 MP: 3/3
   157 | D:1      | Reached XP level 2. HP: 12/21 MP: 3/5
   343 | D:1      | Learned a level 2 spell: Wereblood
   553 | D:1      | Reached skill level 4 in Unarmed Combat
   703 | D:1      | Reached XP level 3. HP: 27/27 MP: 3/6
  1561 | D:2      | Found a radiant altar of Vehumet.
  2028 | D:2      | Reached XP level 4. HP: 34/34 MP: 5/7
  2131 | D:2      | You fall into a shaft and drop 2 floors!
  2448 | D:4      | Found a staircase to the Ecumenical Temple.
  2464 | D:4      | Reached skill level 5 in Unarmed Combat
  2727 | Temple   | Entered the Ecumenical Temple
  3001 | Temple   | Became a worshipper of Warmaster Okawaru
  3219 | D:3      | Noticed a black bear
  3246 | D:3      | Slain by a black bear

Illustrated notes

Levels and vault maps discovered:
D:1:      dpeg_arrival_rhombi, layout_rooms
D:2:      layout_basic, basic_altar
D:3:      layout_rooms, st_stairs_13, grunt_ministairs_15
D:4:      layout_basic, minmay_temple_entry_antechambers, minmay_snake_closets
Temple:   mainiacjoe_temple_hex_bubbles

Skill      XL: |  1  2  3  4 |
---------------+-------------+-----
Unarmed Combat | 4 5 |  5.1
Fighting       | 2 |  2.8
Transmutations | 3 |  3.2
Dodging        | |  2.6
Spellcasting   | |  2.0

Action                   |  1- 3 |  4- 6 || total
-------------------------+-------+-------++-------
Melee: Unarmed           |   112 |    40 ||   152
       Headbutt          |    23 |    11 ||    34
       Punch             |     1 |     1 ||     2
Throw: Stone             |    49 |       ||    49
 Cast: Beastly Appendage |    23 |     9 ||    32
       Wereblood         |     2 |       ||     2
  Use: Scroll            |       |     7 ||     7
       Potion            |       |     1 ||     1
 Stab: Sleeping          |     1 |       ||     1
Armor: Robe              |    15 |     7 ||    22
       Skin              |       |     3 ||     3
Dodge: Dodged            |    57 |    42 ||    99

Table legend: (Time is in decaauts)
 A = Elapsed time spent in this place.
 B = Non-inter-level travel time spent in this place.
 C = Inter-level travel time spent in this place.
 D = Time resting spent in this place.
 E = Time spent auto-exploring this place.
 F = Levels seen in this place.
 G = Mean time per level.
                   A        B        C        D        E       F      G
               +--------+--------+--------+--------+--------+-----+--------+
         Total |   3251 |   3135 |    116 |    928 |   1517 |   5 |  650.2 |
       Dungeon |   2968 |   2889 |     79 |    928 |   1276 |   4 |  742.0 |
        Temple |    283 |    246 |     37 |      0 |    241 |   1 |  283.0 |
               +--------+--------+--------+--------+--------+-----+--------+

Top non-repeatable levels by time:
     D:1: 1232 daAuts
     D:2: 895 daAuts
     D:4: 618 daAuts
  Temple: 283 daAuts
     D:3: 221 daAuts
